 Dungeon Crawl Stone Soup version 0.30-a0-373-gd37427bb62 (webtiles) character file.

Game seed: 16122896665395205826

4 mopl the Sneak (level 1, 0/9 HPs)
             Began as a Vine Stalker Enchanter on Nov 24, 2022.
             Slain by a goblin
             ... wielding a +0 club
              (2 damage)
             ... on level 1 of the Dungeon.
             The game lasted 00:00:14 (41 turns).

mopl the Sneak (Vine Stalker Enchanter)               Turns: 41, Time: 00:00:14

Health: 0/9        AC:  2    Str: 10    XL:     1   Next: 60%
Magic:  0/4        EV: 12    Int: 15    God:
Gold:   0          SH:  0    Dex: 14    Spells: 4/4 levels left

rFire   . . .      SeeInvis .    a - +1 dagger
rCold   . . .      Faith    .    (no shield)
rNeg    . . .      Spirit   +    b - +0 robe
rPois   .          Reflect  .    (no helmet)
rElec   .          Harm     .    (no cloak)
rCorr   .          Rampage  .    (no gloves)
Will    .....                    (no boots)
Stlth   ++........               (no amulet)
HPRegen 0.21/turn                (no ring)
MPRegen 0.09/turn                (no ring)

@: no status effects
A: fangs 2, magic shield, antimagic bite, no potion heal 2
a: no special abilities


You were on level 1 of the Dungeon.
You visited 1 branch of the dungeon, and saw 1 of its levels.

Inventory:

Hand Weapons
 a - a +1 dagger (weapon)
Armour
 b - a +0 robe (worn)
Potions
 c - 2 potions of invisibility


   Skills:
 + Level 1.0 Short Blades
 - Level 1.5 Dodging
 + Level 3.7 Stealth
 + Level 2.3 Spellcasting
 + Level 3.0 Hexes


You had 4 spell levels left.
You didn't know any spells.
Your spell library contained the following spells:

 Spells                   Type           Power      Damage    Failure   Level
 Ensorcelled Hibernation  Hex/Ice        12%        N/A       17%         2
 Confusing Touch          Hex            10%        N/A       19%         3
 Tukima's Dance           Hex            10%        N/A       19%         3
 Dazzling Flash           Conj/Hex       12%        N/A       34%         3


Dungeon Overview and Level Annotations

Branches:
Dungeon (1/15)

Altars:


Innate Abilities, Weirdness & Mutations

You have extremely sharp teeth.
When hurt, damage is shared between your health and your magic reserves.
Your bite disrupts and absorbs the magic of your enemies.
Potions cannot restore your health.


Message History

You are too injured to fight recklessly!
Unknown command.
The bat closely misses you.
You see here a scroll labelled HIFIDGH KEAPICS.
You miss the bat. The bat hits you but does no damage. x2
You hit the bat.
You kill the bat!
The goblin hits you with a +0 club.
You barely miss the goblin. You bite the goblin. You drain its power.
You feel invigorated.
The goblin is moderately wounded.
The goblin hits you with a +0 club.
A rat comes into view.
You hit the kobold but do no damage. You bite the kobold, but do no damage.
The goblin barely misses you. The kobold closely misses you.
You hit the kobold. You bite the kobold, but do no damage.
The kobold is moderately wounded.
The goblin barely misses you. The kobold hits you with a +0 club.
You hit the kobold. You bite the kobold, but do no damage.
The kobold is severely wounded.
The goblin barely misses you. The kobold misses you.
You closely miss the kobold.
The kobold is severely wounded.
The goblin completely misses you. The kobold hits you but does no damage.
You completely miss the kobold. Your bite misses the kobold.
The kobold is severely wounded.
The goblin hits you with a +0 club.
* * * LOW HITPOINT WARNING * * *
The kobold misses you.
You hit the kobold.
You kill the kobold!
The goblin closely misses you. The rat attacks as you move away!
The rat closely misses you. The goblin attacks as you move away!
The goblin hits you with a +0 club.
* * * LOW HITPOINT WARNING * * *
Items here: ( ) ? †.
You barely miss the goblin. You bite the goblin, but do no damage.
The goblin barely misses you.
You miss the goblin. The goblin hits you with a +0 club.
You die...

###.### #. #^.#
#) #..#
#..#####..# ..
...#..#
#.###.#..#
#........#
##.##..##..#.#
......rg@.###..
##....†##..#
#.# .......
..#.# .#
.#.....####.# #
.?.?... #
....... ...>...
....#..


You could see a goblin and a rat.

Vanquished Creatures
  A goblin (D:1)
  A bat (D:1)
  A frilled lizard (D:1)
  A kobold (D:1)
  A rat (D:1)
5 creatures vanquished.

Notes
Turn   | Place    | Note
-------+----------+-------------------------------------------
     0 | D:1      | mopl the Vine Stalker Enchanter began the quest for the
                  | Orb.
     0 | D:1      | Reached XP level 1. HP: 9/9 MP: 4/4
    19 | D:1      | Reached skill level 1 in Short Blades
    41 | D:1      | Slain by a goblin

Illustrated notes

Levels and vault maps discovered:
D:1:      saegor_arrival_simple_c, layout_loops_ring

Skill      XL: |  1 |
---------------+----+-----
Short Blades   | 1 |  1.0
Dodging        | |  1.5
Stealth        | |  3.7
Spellcasting   | |  2.3
Hexes          | |  3.0

Action                   || total
-------------------------++-------
Melee: Dagger            ||    24
       Bite              ||     8
       Punch             ||     1
 Stab: Sleeping          ||     1
Armor: Robe              ||    10
Dodge: Dodged            ||    26

Table legend: (Time is in decaauts)
 A = Elapsed time spent in this place.
 B = Non-inter-level travel time spent in this place.
 C = Inter-level travel time spent in this place.
 D = Time resting spent in this place.
 E = Time spent auto-exploring this place.
 F = Levels seen in this place.
 G = Mean time per level.
                   A        B        C        D        E       F      G
               +--------+--------+--------+--------+--------+-----+--------+
         Total |     39 |     39 |      0 |      0 |     10 |   1 |   39.0 |
       Dungeon |     39 |     39 |      0 |      0 |     10 |   1 |   39.0 |
               +--------+--------+--------+--------+--------+-----+--------+

Top non-repeatable levels by time:
     D:1: 39 daAuts
